Merlek, chaotic male orcish Rogue --- -----..| --.--...-- |........| --......-| |.......| -- --.......-- |.--........*| |............-- ---...........- |.|...........- |.|--..........| |.| |....---..-- -- |.| ------ -- --.----.| |....|..--- --- -.......)----------..--- --- |....)...@hG[G...........G...G- --<|...------------------- ----.-- --- Merlek the Footpad Experience level: 2 Strength: 15 Dexterity: 14 Constitution: 13 Intelligence: 11 Wisdom: 13 Charisma: 9 Health: 0(23) Energy: 9(9) Def: 6 Gold: 144 Moves: 1208 Dungeon seed: ihTuoBj9EbFXmbAZ Game ID: Merlek_1670507733 Your Inventory: Coins $ - 144 gold pieces Weapons r - an uncursed +0 orcish short sword (weapon in hand) Armor e - an uncursed +1 leather armor q - an uncursed +0 splint mail (being worn) Comestibles h - an uncursed egg i - an uncursed carrot Scrolls x - an uncursed scroll of enchant weapon Potions v - an uncursed potion of booze Rings u - an uncursed ring of cold immunity w - an uncursed ring of shock immunity Wands y - an uncursed wand of probing (0:8) Tools k - an uncursed lock pick l - an uncursed oil lamp (0:1215) n - an uncursed leash s - an uncursed magic marker (0:47) B - an uncursed expensive camera (0:98) I - an uncursed sack Contents of the sack: 188 gold pieces an uncursed potion of blindness a blessed potion of booze an uncursed potion of gain energy an uncursed potion of object detection 2 uncursed potions of sickness a blessed potion of sleeping Spells and supernatural/magical abilities: Name Level Category Cost Memory W - pray for help -- divine ? -- Your skills at the end: Fighting Skills wands [Basic] Weapon Skills dagger [Basic] short sword [Basic] Spellcasting Skills Final Attributes: You were piously aligned. You were immune to poison. You had infravision. You were stealthy. You were lucky. You last prayed 207 turns ago. Kos was noncommittal. You are dead. Vanquished creatures: a little dog a dwarf a yellow mold 2 gnomes 2 geckos 3 jackals a fox 2 sewer rats 4 grid bugs 2 lichens 3 newts 22 creatures vanquished. Voluntary challenges: You used a wielded weapon 26 times, starting on turn 43. You were illiterate. You never genocided any monsters. You never polymorphed an object. You never changed form. You used no wishes. You never split a pudding. You never wrote Elbereth's name. You never violated your personal moral code. Dungeon overview: The Dungeons of Doom: levels 1 to 4 Level 1 some fountains, a vault a long staircase Level 2 (saddle) an armor shop, a fountain Level 3 stairs to The Gnomish Mines Level 4 a fountain The Gnomish Mines: Level 4 <- You were here stairs to The Dungeons of Doom History has recorded: On T:1 you entered the Dungeons of Doom to retrieve the Amulet of Yendor! On T:277 you reached level 2 of The Dungeons of Doom. On T:453 you reached level 3 of The Dungeons of Doom. On T:562 you reached level 4 of The Dungeons of Doom. On T:707 you reached level 1 of The Gnomish Mines. On T:1057 you advanced to experience level 2. Score breakdown: Gold: 332 ( 8580 points) Experience: 2 levels ( 5570 points) Exploration: 4 levels ( 7.55%) ( 7205 points) Discoveries: 0 items ( 0.00%) ( 0 points) Valuables value: (no points given unless you survive) Artifact value: 0 ( 0 points) Variety of kills: 11 monsters ( 2.89%) ( 5104 points) Turncount: 1208 turns ( 0 points) Survival: died (score multiplied by 80%) Total score: 21167 Latest messages: The dwarf hits the little dog. The little dog is killed! The dart misses the dwarf. The gnome shoots an arrow! The arrow hits the dwarf! The dart misses the dwarf. The gnome picks up a few items from the floor. You miss the dwarf. The dwarf thrusts his broad short sword at you. The dwarf misses. You miss the dwarf. You hit the dwarf. The dwarf thrusts his broad short sword at you. The dwarf hits! You miss the dwarf. The gnome wields a broad short sword! The broad short sword welds itself to the gnome's hand! You miss the dwarf. The dwarf thrusts his broad short sword at you. The dwarf hits! You miss the dwarf. (2x) The dwarf thrusts his broad short sword at you. The dwarf hits! You die... Final status: Goodbye Merlek the Rogue, killed by a dwarf... You died in The Gnomish Mines on dungeon level 4 with 21167 points, and 332 pieces of gold, after 1208 moves. You were level 2 with a maximum of 23 hit points when you died.